 Dungeon Crawl Stone Soup version 0.23.1-41-g7e51ed3 (webtiles) character file.

Game seed: 13971470162654387018

633 Krees the Fighter (level 7, -4/72 HPs)
             Began as a Minotaur Fighter on Mar 29, 2019.
             Killed by divine providence
             ... invoked by an orc priest
              (15 damage)
             ... on level 5 of the Dungeon.
             The game lasted 00:19:55 (4763 turns).

Krees the Fighter (Minotaur Fighter)                Turns: 4763, Time: 00:19:56

Health: -4/72      AC: 10    Str: 23    XL:     7   Next: 24%
Magic:  6/6        EV:  5    Int:  5    God:
Gold:   213        SH:  9    Dex:  9    Spells: 6/6 levels left

rFire    . . .     SeeInvis .   q - +3 short sword
rCold    . . .     Gourm    .   c - +0 shield
rNeg     . . .     Faith    .   r - +0 chain mail {MR+}
rPois    .         Spirit   .   (helmet restricted)
rElec    .         Reflect  .   (no cloak)
rCorr    .         Harm     .   g - +0 pair of gloves
MR       +....                  (no boots)
Stlth    ..........             (no amulet)
HPRegen  0.22/turn              (no ring)
MPRegen  0.10/turn              (no ring)

@: no status effects
A: retaliatory headbutt, horns 2
a: no special abilities


You were on level 5 of the Dungeon.
You were not hungry.

You visited 1 branch of the dungeon, and saw 5 of its levels.

You collected 213 gold pieces.

Inventory:

Hand Weapons
 a - a +0 long sword
 e - a +0 dagger
 k - a +0 spear
 q - a +3 short sword (weapon)
Missiles
 p - a tomahawk of returning (quivered)
Armour
 b - a +0 scale mail
 c - a +0 shield (worn)
 g - a +0 pair of gloves (worn)
 l - a +0 helmet
 o - a +0 chain mail
 r - a +0 chain mail of magic resistance (worn)
 v - a +0 pair of gloves
Jewellery
 s - an uncursed ring of ice
Wands
 u - a wand of scattershot (5)
Scrolls
 h - a scroll of magic mapping {unknown}
 i - 3 scrolls of remove curse
 m - 2 scrolls of immolation {unknown}
 t - 2 scrolls of identify
 x - 2 scrolls of teleportation {unknown}
Potions
 d - 2 potions of might
 j - 2 potions of degeneration
 n - a potion of lignification
 w - a potion of brilliance {unknown}
Comestibles
 f - 6 rations


   Skills:
 + Level 10.1 Fighting
 - Level 2.4 Long Blades
 - Level 3.6 Armour
 - Level 3.6 Shields


You had 6 spell levels left.
You didn't know any spells.
Your spell library was empty.

Dungeon Overview and Level Annotations

Branches:
Dungeon (5/15)
 Temple: D:4-7

Altars:
Fedhas
Gozag

Annotations:
D:3 exclusion: oklob plant


Innate Abilities, Weirdness & Mutations

You reflexively headbutt those who attack you in melee.
You have a pair of horns on your head.


Message History

The magic dart hits you.
* * * LOW HITPOINT WARNING * * *
The orc wizard hits you but does no damage.
You hit the orc wizard. Your headbutt misses the orc wizard.
The orc wizard is moderately wounded.
The orc wizard is no longer moving quickly.
The orc wizard hits you but does no damage.
You block the gnoll's attack.
You closely miss the orc wizard.
The orc wizard is moderately wounded.
The orc wizard mumbles some strange words.
The orc wizard seems to speed up.
The orc priest miscasts a cantrip.
You puncture the orc wizard!
You kill the orc wizard!
The gnoll closely misses you. You block the gnoll's attack.
The orc priest invokes the aid of Beogh against you.
Beogh smites you!
You die...

#. .# ..#.# #.
.#####.#.#####
#.#.............# #......
#.......## ##....#
..>...... ..... #.......
###########.########o....).
#.........go......().....#
#.########@#########.....#
#........#.# #.....#
########.#.# #.....#
#.<#.#.# #.....# #....#..
#.....# ######## #.....#
#######


You could see an orc priest and a gnoll.

Vanquished Creatures
  2 ogres (D:4)
  A crimson imp (D:4)
  2 hounds (D:4)
  2 orc priests
  An orc wizard (D:5)
  An iguana (D:4)
  A worker ant (D:3)
  6 adders
  5 gnolls
  3 oozes
  A worm (D:2)
  2 dart slugs (D:1)
  3 leopard geckos
  14 orcs
  6 bats
  5 giant cockroaches
  8 goblins
  8 hobgoblins
  9 jackals
  A quokka (D:4)
  6 frilled lizards
  12 kobolds
  A leopard gecko skeleton (D:3)
  8 rats
108 creatures vanquished.

Vanquished Creatures (others)
  9 toadstools (D:3)
9 creatures vanquished.

Grand Total: 117 creatures vanquished

Notes
Turn   | Place    | Note
-------+----------+-------------------------------------------
     0 | D:1      | Krees the Minotaur Fighter began the quest for the Orb.
     0 | D:1      | Reached XP level 1. HP: 19/19 MP: 0/0
    33 | D:1      | Reached skill level 4 in Fighting
    45 | D:1      | Reached XP level 2. HP: 15/28 MP: 1/1
   449 | D:1      | Reached skill level 5 in Fighting
   537 | D:1      | Reached XP level 3. HP: 34/36 MP: 2/2
  1173 | D:2      | Reached skill level 6 in Fighting
  1173 | D:2      | Reached XP level 4. HP: 33/44 MP: 3/3
  1939 | D:3      | Reached skill level 7 in Fighting
  1939 | D:3      | Reached XP level 5. HP: 37/52 MP: 4/4
  2719 | D:3      | Found a blossoming altar of Fedhas.
  2744 | D:3      | Noticed an oklob plant
  3144 | D:3      | Found a faded altar of an unknown god.
  3431 | D:4      | Reached skill level 8 in Fighting
  3431 | D:4      | Reached XP level 6. HP: 57/61 MP: 5/5
  3674 | D:4      | Reached skill level 9 in Fighting
  3913 | D:4      | Found an opulent altar of Gozag.
  4166 | D:4      | Reached XP level 7. HP: 66/70 MP: 6/6
  4686 | D:5      | Entered Level 5 of the Dungeon
  4757 | D:5      | Reached skill level 10 in Fighting
  4763 | D:5      | Killed from afar by an orc priest

Skill      XL: |  1  2  3  4  5  6  7 |
---------------+----------------------+-----
Fighting       | 4 5 6 7 8 9 10 | 10.1
Long Blades    | |  2.4
Armour         | |  3.6
Shields        | |  3.6

Action                   |  1- 3 |  4- 6 |  7- 9 || total
-------------------------+-------+-------+-------++-------
Melee: Long sword        |    90 |   103 |       ||   193
       Headbutt          |    11 |    24 |     9 ||    44
       Short sword       |       |    71 |    41 ||   112
  Use: Scroll            |       |     3 |       ||     3
  Eat: Chunk             |       |     6 |       ||     6
       Ration            |       |     2 |       ||     2
Armor: Scale mail        |    75 |    10 |       ||    85
       Chain mail        |       |   111 |    19 ||   130
Dodge: Dodged            |    50 |    64 |    11 ||   125
Block: Shield            |    74 |   134 |    19 ||   227
       Rpst.: Long sword |    10 |    13 |       ||    23
